Map: 블랙번 - 래더

Players

DPGherO (herO)

  • Race: Protoss Protoss
  • League: Master

Zoun - Winner!

  • Race: Protoss Protoss
  • League: Master

Event: DreamHack SC2 Masters Last Chance 2022

VOD

Have the link to the VOD?

Description

Time

  • Played on: Dec. 15, 2021, 4:37 a.m.
  • Length: 14:39

All games in this series

Show
View Real Time Build Order
Export as new Build Order

DPGherO Protoss 

Build Orders: Oracle Opening, Blink Stalkers 

Get SALT Encoding   

  12  0:00  Probe  
  13  0:12  Probe  
  14  0:17  Pylon  
  14  0:24  Probe (Chrono Boost)  
  15  0:36  Probe (Chrono Boost)  
  15  0:38  Gateway  
  16  0:44  Probe (Chrono Boost)  
  16  0:47  Assimilator  
  17  0:50  Probe  
  18  1:03  Probe (Chrono Boost)  
  19  1:04  Assimilator  
  19  1:05  Pylon  
  19  1:13  Probe (Chrono Boost)  
  19  1:17  Probe (Chrono Boost)  
  20  1:25  Cybernetics Core  
  20  1:29  Probe  
  20  1:32  Zealot  
  23  1:41  Probe  
  24  1:48  Pylon  
  24  1:53  Probe  
  25  2:01  Stalker  
  27  2:07  Stargate  
  27  2:15  Warp Gate  
  27  2:18  Pylon  
  27  2:31  Stalker  
  29  2:38  Probe  
  30  2:49  Oracle (Chrono Boost)  
  31  3:02  Probe  
  31  3:04  Nexus  
  32  3:08  Pylon  
  32  3:14  Probe  
  33  3:23  Twilight Council  
  33  3:26  Probe  
  34  3:38  Gateway  
  31  3:43  Gateway  
  31  3:45  Probe  
  32  3:51  Blink (Chrono Boost)  
  32  3:57  Probe  
  33  4:06  Stalker  
  35  4:10  Probe  
  35  4:16  Probe  
  36  4:26  Shield Battery  
  34  4:32  Stalker  
  34  4:33  Stalker  
  35  4:40  Stalker  
  35  4:44  Probe  
  37  4:50  Probe  
  38  4:57  Stalker  
  38  4:58  Stalker  
  42  5:02  Probe  
  42  5:03  Probe  
  44  5:14  Probe  
  44  5:15  Probe  
  44  5:18  Robotics Facility  
  46  5:26  Probe  
  46  5:27  Probe  
  48  5:32  Stalker  
  48  5:33  Stalker  
  52  5:40  Probe (Chrono Boost)  
  52  5:41  Probe (Chrono Boost)  
  54  5:44  Pylon  
  54  5:49  Assimilator  
  54  5:52  Stalker, Probe (Chrono Boost)  
  58  5:57  Probe x2 (Chrono Boost)  
  59  6:06  Gateway  
  59  6:07  Observer (Chrono Boost), Gateway  
  60  6:25  Warp Prism (Chrono Boost)  
  62  6:26  Probe x2  
  62  6:28  Robotics Bay  
  62  6:29  Assimilator  
  62  6:32  Pylon  
  64  6:33  Dark Shrine  
  64  6:38  Sentry  
  64  6:39  Forge  
  66  6:41  Probe x2  
  68  6:50  Pylon  
  68  6:52  Charge  
  68  7:08  Nexus  
  68  7:09  Probe x2, Protoss Ground Weapons Level 1 (Chrono Boost), Pylon  
  68  7:32  Stalker x3  
  68  7:33  Stalker x2  
  78  7:37  Probe x2  
  80  7:44  Gateway  
  80  7:51  Gateway  
  80  7:57  Probe  
  80  7:58  Probe  
  82  8:07  Dark Templar x3  
  82  8:11  Probe x2  
  90  8:16  Gateway  
  90  8:18  Gateway  
  90  8:25  Probe x2  
  86  8:35  Assimilator, Probe  
  86  8:36  Assimilator  
  86  8:37  Probe  
  86  8:38  Phoenix, Probe  
  89  8:43  Nexus  
  89  8:44  Observer  
  89  8:48  Dark Templar x3  
  93  8:49  Sentry  
  93  8:53  Archon  
  93  8:54  Probe x3  
  100  9:02  Dark Templar, Archon  
  102  9:03  Protoss Ground Weapons Level 2 (Chrono Boost)  
  102  9:06  Probe  
  103  9:13  Probe x2  
  105  9:18  Dark Templar x2  
  109  9:26  Archon x2  
  109  9:30  Pylon x2  
  109  9:34  Pylon  
  109  9:36  Pylon  
  109  9:46  Pylon  
  109  9:48  Assimilator, Probe x3  
  109  9:49  Observer  
  109  9:52  Assimilator  
  111  9:53  Stalker x3  
  111  9:54  Stalker x2  
  111  9:57  Dark Templar  
  123  10:00  Probe  
  123  10:01  Archon  
  123  10:04  Stalker x2  
  128  10:08  Stalker  
  128  10:13  Warp Prism (Chrono Boost)  
  132  10:22  Stalker x4  
  140  10:38  Stalker x5  
  150  10:48  Observer  
  146  10:51  Stalker x3, Zealot  
  154  11:08  Probe x2  
  154  11:09  Stargate  
  140  11:14  Observer  
  120  11:19  Zealot x9  
  120  11:24  Stargate  
  134  11:38  Protoss Air Weapons Level 1  
  132  11:46  Stargate  
  132  11:48  Observer  
  132  11:51  Oracle (Chrono Boost)  
  135  11:54  Fleet Beacon  
  135  12:03  Observer  
  135  12:12  Stalker  
  135  12:13  Stalker x8  
  150  12:37  Tempest x2 (Chrono Boost)  
  160  12:45  Pylon x2  
  160  12:49  Tempest (Chrono Boost)  
  159  12:58  Stargate  
  159  12:59  Shield Battery  
  159  13:00  Photon Cannon  
  159  13:01  Pylon  
  159  13:03  Pylon  
  159  13:13  Tempest x2 (Chrono Boost)  
  169  13:21  Tempest (Chrono Boost)  
  186  14:04  Pylon  
  186  14:05  Pylon  
  170  14:21  Stalker x7  
  160  14:29  Stalker x2  
Show
View Real Time Build Order
Export as new Build Order

Zoun Protoss - Winner!

Build Orders: Phoenix Opening, Carriers 

Get SALT Encoding   

  12  0:00  Probe  
  13  0:12  Probe  
  14  0:18  Pylon  
  14  0:24  Probe (Chrono Boost)  
  15  0:36  Probe (Chrono Boost)  
  15  0:39  Gateway  
  16  0:45  Probe (Chrono Boost)  
  16  0:46  Assimilator  
  17  0:51  Probe  
  17  0:55  Assimilator  
  18  1:03  Probe (Chrono Boost)  
  19  1:05  Pylon  
  19  1:13  Probe (Chrono Boost)  
  20  1:21  Probe  
  21  1:33  Probe  
  21  1:34  Cybernetics Core  
  21  1:37  Zealot  
  24  1:45  Probe  
  25  1:57  Probe  
  26  2:09  Stalker (Chrono Boost)  
  26  2:11  Stargate  
  28  2:17  Warp Gate  
  28  2:28  Nexus  
  28  2:36  Stalker  
  30  2:50  Probe  
  29  2:51  Shield Battery  
  29  3:01  Pylon  
  29  3:06  Phoenix (Chrono Boost)  
  31  3:14  Shield Battery  
  31  3:30  Phoenix (Chrono Boost)  
  31  3:34  Probe (Chrono Boost)  
  30  3:41  Probe (Chrono Boost)  
  32  3:50  Probe (Chrono Boost)  
  32  3:53  Probe (Chrono Boost)  
  35  4:00  Probe  
  36  4:04  Void Ray  
  36  4:05  Probe  
  37  4:15  Probe  
  40  4:21  Probe  
  41  4:32  Probe  
  41  4:38  Probe (Chrono Boost)  
  43  4:40  Assimilator  
  43  4:42  Stargate  
  43  4:43  Void Ray  
  41  4:52  Probe (Chrono Boost)  
  47  4:53  Probe (Chrono Boost)  
  47  4:57  Assimilator  
  47  5:00  Robotics Facility  
  47  5:01  Probe  
  47  5:02  Probe  
  49  5:08  Pylon  
  49  5:10  Sentry  
  49  5:13  Probe  
  52  5:14  Probe  
  52  5:19  Pylon  
  53  5:25  Probe  
  53  5:27  Void Ray, Probe (Chrono Boost)  
  59  5:39  Probe (Chrono Boost)  
  61  5:43  Probe (Chrono Boost)  
  61  5:44  Void Ray  
  61  5:47  Probe (Chrono Boost)  
  62  5:51  Observer  
  62  5:55  Probe, Pylon  
  68  5:58  Probe  
  69  6:08  Probe  
  69  6:09  Pylon  
  70  6:11  Immortal (Chrono Boost)  
  70  6:17  Probe  
  75  6:21  Void Ray, Probe  
  80  6:33  Void Ray  
  80  6:34  Probe  
  80  6:35  Probe, Pylon  
  86  6:50  Observer  
  86  6:53  Probe x2  
  88  6:54  Pylon  
  88  7:00  Forge  
  88  7:02  Observer  
  88  7:04  Immortal  
  92  7:16  Probe  
  92  7:17  Probe  
  94  7:27  Nexus  
  94  7:30  Pylon  
  94  7:35  Void Ray (Chrono Boost)  
  94  7:38  Probe x2  
  94  7:42  Void Ray (Chrono Boost)  
  99  7:45  Immortal (Chrono Boost)  
  99  7:51  Shield Battery  
  107  7:52  Photon Cannon, Sentry  
  107  7:55  Shield Battery  
  109  8:07  Photon Cannon  
  109  8:14  Pylon  
  107  8:29  Fleet Beacon  
  107  8:32  Observer, Pylon  
  107  8:33  Void Ray  
  108  8:41  Probe x2  
  114  8:42  Protoss Air Weapons Level 1 (Chrono Boost)  
  114  8:46  Probe  
  115  8:50  Observer  
  115  8:53  Probe  
  115  8:54  Photon Cannon, Void Ray (Chrono Boost)  
  115  8:55  Photon Cannon  
  120  9:03  Stargate  
  120  9:07  Probe x3  
  120  9:09  Observer, Assimilator x2  
  123  9:10  Pylon  
  123  9:13  Observer  
  128  9:18  Void Ray (Chrono Boost)  
  128  9:22  Photon Cannon  
  128  9:33  Shield Battery  
  128  9:37  Photon Cannon  
  134  9:38  Photon Cannon  
  134  9:42  Carrier (Chrono Boost)  
  134  9:47  Carrier (Chrono Boost)  
  139  10:07  Pylon  
  139  10:09  Photon Cannon, Pylon  
  139  10:11  Pylon  
  139  10:16  Archon  
  139  10:26  Carrier (Chrono Boost)  
  145  10:31  Observer  
  145  10:32  Carrier (Chrono Boost)  
  145  10:33  Nexus  
  145  10:34  Pylon  
  145  10:35  Observer  
  151  10:55  Shield Battery  
  151  11:00  Carrier (Chrono Boost)  
  149  11:15  Zealot  
  149  11:17  Immortal  
  147  11:20  Probe  
  147  11:22  Photon Cannon  
  148  11:27  Stargate  
  148  11:28  Carrier (Chrono Boost)  
  154  11:34  Probe x3  
  154  11:38  Carrier (Chrono Boost)  
  163  11:41  Protoss Air Weapons Level 2 (Chrono Boost)  
  163  11:50  Mothership  
  173  12:05  Pylon  
  173  12:06  Pylon x2  
  171  12:13  Zealot  
  173  12:23  Immortal  
  173  12:29  Carrier x2 (Chrono Boost)  
  187  12:39  Observer  
  187  12:42  Observer  
  187  12:57  Nexus  
  187  12:58  Pylon  
  187  13:00  Pylon  
  187  13:01  Pylon x2  
  187  13:15  Carrier (Chrono Boost)  
  187  13:18  Void Ray (Chrono Boost)  
  193  13:20  Shield Battery  
  193  13:21  Shield Battery  
  193  13:22  Photon Cannon  
  193  13:23  Photon Cannon  
  193  13:24  Photon Cannon, Observer  
  198  13:32  Observer  
  198  13:40  Void Ray (Chrono Boost)  
  190  13:50  Void Ray (Chrono Boost)  
  190  13:51  Observer  
  199  14:02  Assimilator  
  199  14:05  Assimilator  

Tags
 
Add a new tag
Caveats
  • Supply blocks, unpowered buildings, or Contaminate may cause inaccurate times.
  • Supply counts are checked every 10 seconds.